 Dungeon Crawl Stone Soup version 0.31-a0-167-g1c394c0614 (webtiles) character file.

Game seed: 16017237220895659393

93 pokeman the Magician (level 4, -17/25 HPs)
             Began as a Deep Elf Hedge Wizard on June 14, 2023.
             Engulfed by a cloud of flame (18 damage)
             ... on level 3 of the Dungeon.
             The game lasted 00:03:46 (2656 turns).

pokeman the Magician (Deep Elf Hedge Wizard)        Turns: 2656, Time: 00:03:46

Health: -17/25     AC:  3    Str: 13    XL:     4   Next: 36%
Magic:  13/13      EV: 12    Int: 21    God:
Gold:   136        SH:  0    Dex: 14    Spells: 6/14 levels left

rFire   . . .        n - +0 dagger (protect)
rCold   . . .        (no shield)
rNeg    . . .        b - +0 robe
rPois   .            c - +0 hat
rElec   .            g - +0 cloak
rCorr   .            (no gloves)
SInv    .            (no boots)
Will    .....        (no amulet)
Stlth   ++           i - +6 ring of strength
HPRegen 0.24/turn    (no ring)
MPRegen 0.13/turn

%: no passive effects
@: no status effects
A: no striking features
a: no special abilities


You were on level 3 of the Dungeon.
You visited 1 branch of the dungeon, and saw 3 of its levels.

You collected 136 gold pieces.

Inventory:

Hand Weapons
 n - a +0 dagger of protection (weapon)
Armour
 b - a +0 robe (worn)
 c - a +0 hat (worn)
 g - a +0 cloak (worn)
Jewellery
 i - a +6 ring of strength (left hand)
Wands
 k - a wand of light (8)
Scrolls
 f - a scroll of torment {unknown}
 h - 3 scrolls of enchant weapon {unknown}
 j - 3 scrolls of teleportation {unknown}
 l - a scroll of enchant armour {unknown}
 m - a scroll of fear {unknown}
Potions
 a - a potion of resistance {unknown}
 d - a potion of magic
 e - a potion of haste {unknown}


   Skills:
 - Level 1.0 Fighting
 - Level 1.0 Armour
 + Level 2.7 Dodging
 + Level 2.7 Stealth
 * Level 5.7 Spellcasting
 + Level 2.1 Conjurations
 - Level 1.1 Summonings
 - Level 1.1 Translocations


You had 6 spell levels left.
You knew the following spells:

 Your Spells              Type           Power      Damage    Failure   Level
a - Magic Dart            Conj           60%        1d6       4%          1
b - Mephitic Cloud        Conj/Pois/Air  9%         N/A       22%         3
c - Call Imp              Summ           20%        N/A       10%         2
d - Blink                 Tloc           20%        N/A       10%         2

Your spell library contained the following spells:

 Spells                   Type           Power      Damage    Failure   Level
 Slow                     Hex            24%        N/A       10%         1
 Cigotuvi's Dreadful Rot  Necr/Pois/Air  12%        N/A       16%         2


Dungeon Overview and Level Annotations

Branches:
Dungeon (3/15)

Altars:
Fedhas
Vehumet


Message History

Found a stone staircase leading down.
Things that are here:
a +0 dagger of protection; 5 stones; a kobold corpse
n - a +0 dagger of protection Your +0 dagger of protection hums with potential!
n - a +0 dagger of protection (weapon)
You drop a +0 dagger.
A ball python comes into view.
There is a stone staircase leading down here.
Casting: Magic Dart (safe; 4% risk of failure)
Confirm with . or Enter, or press ? or * to list all spells.
Aiming: Magic Dart (safe; 4% risk of failure)
Press: ? - help, Shift-Dir - straight line, f - ball python
Aim: a ball python (asleep, 100% to hit)
The magic dart hits the ball python.
The ball python is severely wounded.
The ball python hisses angrily.
Casting: Magic Dart (safe; 4% risk of failure)
Confirm with . or Enter, or press ? or * to list all spells.
Aiming: Magic Dart (safe; 4% risk of failure)
Press: ? - help, Shift-Dir - straight line, f/p - ball python
Aim: a ball python (severely wounded, 100% to hit)
The magic dart hits the ball python.
You kill the ball python!
Found a blossoming altar of Fedhas.
Found a radiant altar of Vehumet.
Really walk into a travel-excluded area?
Found a scroll labelled JIOTER GAFFOFU.
a - a sedimented silvery potion You are engulfed in blazing flames.
Ouch! That really hurt!
* * * LOW HITPOINT WARNING * * *
Really walk into that cloud of flame? [Y]es or [N]o only, please.
Really walk into that cloud of flame?
Okay, then.
Unknown command.
You are engulfed in blazing flames.
Ouch! That really hurt!
You die...

#.#..##.#.#####
#.#..##.#.#
#.#.....#<# #
#.#.##..#.# ##
#####.#.......# ##.
#...........#####.#
#☼☼.○○####.##.....#
#..§...# #....###.#
#°@°☼..# ###### ##.
........§..#.# ##
###?#...###.## ..
##### .# .. .# #


There were no monsters in sight!

Vanquished Creatures
  3 gnolls (D:2)
  2 adders (D:2)
  A worm (D:2)
  2 dart slugs
  7 endoplasms
  3 giant cockroaches
  A goblin (D:1)
  3 hobgoblins
  A quokka (D:2)
  3 ball pythons
  3 bats (D:1)
  2 frilled lizards
  7 kobolds
  4 rats
42 creatures vanquished.

Notes
Turn   | Place    | Note
-------+----------+-------------------------------------------
     0 | D:1      | pokeman the Deep Elf Hedge Wizard began the quest for the
                  | Orb.
     0 | D:1      | Reached XP level 1. HP: 10/10 MP: 7/7
   270 | D:1      | Reached XP level 2. HP: 15/15 MP: 6/9
   810 | D:1      | Reached skill level 5 in Spellcasting
  1446 | D:2      | Reached XP level 3. HP: 20/20 MP: 6/11
  1450 | D:2      | Learned a level 3 spell: Mephitic Cloud
  1453 | D:2      | Learned a level 2 spell: Call Imp
  1456 | D:2      | Learned a level 2 spell: Blink
  1724 | D:2      | Reached skill level 1 in Fighting
  1724 | D:2      | Reached skill level 1 in Armour
  2261 | D:2      | Reached XP level 4. HP: 25/25 MP: 8/13
  2630 | D:3      | Found a blossoming altar of Fedhas.
  2648 | D:3      | Found a radiant altar of Vehumet.
  2654 | D:3      | HP: 1/25 [something (24)]
  2656 | D:3      | Engulfed by a cloud of flame

Illustrated notes

Levels and vault maps discovered:
D:1:      minmay_arrival_stone_box, layout_basic
D:2:      layout_loops_ring, serial_forest, infiniplex_forest_clump_tiny,
          infiniplex_forest_straight_2, infiniplex_forest_fountain,
          infiniplex_forest_clump_curved, infiniplex_forest_lined_room_2,
          infiniplex_forest_diagonal, infiniplex_forest_lined_1,
          infiniplex_forest_zigzag_2, infiniplex_forest_straight_2
D:3:      layout_loops_cross, fedhas_altar_3, fiery_altar_vehumet,
          nicolae_ecumenical_snake_handling

Skill      XL: |  1  2  3 |
---------------+----------+-----
Spellcasting   | 5 |  5.7
Fighting       | 1 |  1.0
Armour         | 1 |  1.0
Conjurations   | 2 |  2.1
Dodging        | |  2.7
Stealth        | |  2.7
Summonings     | |  1.1
Translocations | |  1.1

Action                     |  1- 3 |  4- 6 || total
---------------------------+-------+-------++-------
  Melee: Dagger            |     4 |     6 ||    10
   Cast: Magic Dart        |   104 |     8 ||   112
         Mephitic Cloud    |     1 |     1 ||     2
         Call Imp          |       |     1 ||     1
   Stab: Confused          |       |     1 ||     1
 Armour: Robe              |     2 |       ||     2
  Dodge: Dodged            |    10 |     1 ||    11

Table legend: (Time is in decaauts)
 A = Elapsed time spent in this place.
 B = Non-inter-level travel time spent in this place.
 C = Inter-level travel time spent in this place.
 D = Time resting spent in this place.
 E = Time spent auto-exploring this place.
 F = Levels seen in this place.
 G = Mean time per level.
                   A        B        C        D        E       F      G
               +--------+--------+--------+--------+--------+-----+--------+
         Total |   2654 |   2547 |    107 |      0 |   2271 |   3 |  884.7 |
       Dungeon |   2654 |   2547 |    107 |      0 |   2271 |   3 |  884.7 |
               +--------+--------+--------+--------+--------+-----+--------+

Top non-repeatable levels by time:
     D:1: 1376 daAuts
     D:2: 1173 daAuts
     D:3: 104 daAuts
